 Dungeon Crawl Stone Soup version 0.27-a0-1416-g941b2bd30b (webtiles) character file.

Game seed: 11324551008852362239

22 bande the Covered (level 2, -2/19 HPs)
             Began as a Gargoyle Fighter on July 1, 2021.
             Slain by Sigmund (6 damage)
             ... on level 2 of the Dungeon.
             The game lasted 00:01:01 (942 turns).

bande the Covered (Gargoyle Fighter)                 Turns: 942, Time: 00:01:03

Health: -2/19      AC:  9    Str: 19    XL:     2   Next: 91%
Magic:  2/2        EV:  5    Int:  8    God:
Gold:   0          SH: 13    Dex:  9    Spells: 1/1 levels left

rFire    . . .     SeeInvis .   a - +0 war axe
rCold    . . .     Faith    .   j - +0 tower shield
rNeg     + . .     Spirit   .   b - +0 scale mail
rPois    ∞         Reflect  .   (no helmet)
rElec    +         Harm     .   (no cloak)
rCorr    .         Rampage  .   (no gloves)
Will     .....                  (no boots)
Stlth    ..........             (no amulet)
HPRegen  0.06/turn              (no ring)
MPRegen  0.08/turn              (no ring)

@: mighty
A: sickness immunity, AC +2, negative energy resistance 1, electricity
resistance, torment resistance 1, petrification resistance
a: no special abilities


You were on level 2 of the Dungeon.
You visited 1 branch of the dungeon, and saw 2 of its levels.

Inventory:

Hand Weapons
 a - a +0 war axe (weapon)
Armour
 b - a +0 scale mail (worn)
 j - a +0 tower shield (worn)
Scrolls
 h - a scroll of identify
Potions
 e - a potion of cancellation {unknown}
 f - 2 potions of magic {unknown}
 g - a potion of heal wounds
 i - a potion of curing {unknown}


   Skills:
 + Level 3.6 Fighting
 + Level 1.9 Axes
 + Level 3.6 Armour
 + Level 0.2 Dodging
 + Level 3.6 Shields


You had one spell level left.
You didn't know any spells.
Your spell library contained the following spells:

 Spells                   Type           Power      Damage    Failure   Level
 Animate Skeleton         Necr           0%         N/A       100%        1
 Apportation              Tloc           0%         N/A       100%        1
 Corona                   Hex            0%         N/A       100%        1
 Summon Small Mammal      Summ           0%         N/A       100%        1


Dungeon Overview and Level Annotations

Branches:
Dungeon (2/15)

Altars:

Annotations:
D:2 Sigmund


Innate Abilities, Weirdness & Mutations

You are immune to sickness and miasma.
Your stone body is resilient. (AC +2)
You are immune to poison.
You resist negative energy. (rN+)
You are resistant to electric shocks. (rElec)
You are resistant to unholy torment.
You are immune to petrification.


Message History

The goblin wields a +0 dagger.
You block the goblin's attack. The goblin barely misses you.
You closely miss the goblin.
The goblin hits you but does no damage. x2
You slash the goblin!
You kill the goblin!
No target in view!
No target in view!
No target in view!
No target in view!
No target in view!
No target in view!
HP restored.
Found a faded altar of an unknown god.
Things that are here:
a +0 dagger; a +0 hunting sling; 18 stones Sigmund the Dreaded comes into view.
He is wielding a +0 scythe and carrying a wand of flame (15).
Sigmund shouts!
Sigmund giggles. "Time to reap what you sow."
Sigmund zaps a wand.
The puff of flame hits you.
You feel very mighty all of a sudden.
Sigmund points at you and mumbles some strange words.
The magic dart hits you but does no damage.
You closely miss Sigmund.
Sigmund mumbles some strange words.
Sigmund flickers and vanishes!
Deactivating autopickup; reactivate with Ctrl-A.
Something hits you.
You miss something.
You hear a zap.
A puff of flame appears from out of thin air!
The puff of flame hits you.
* * * LOW HITPOINT WARNING * * *
Something hits you but does no damage.
You slash something!
You hear a zap.
A puff of flame appears from out of thin air!
The puff of flame hits you.
* * * LOW HITPOINT WARNING * * *
Something hits you.
You die...

#...####.#......#
##...#....#......#
#....#..)##..>...#
#.....##.##......#
#_....##.##......#
#........#.......#
#.....####.......#
##.....# #.#.#####
#...@#.##.#...#
##..{#........#
#...####.###.#
##... ##.....#
#... #...##.#####
#....#....)<....#
.#...###........#
##.... #...)....#
#........#


There were no monsters in sight!

Vanquished Creatures
  An adder (D:2)
  2 endoplasms (D:1)
  4 goblins
  2 kobolds
  4 rats
13 creatures vanquished.

Notes
Turn   | Place    | Note
-------+----------+-------------------------------------------
     0 | D:1      | bande the Gargoyle Fighter began the quest for the Orb.
     0 | D:1      | Reached XP level 1. HP: 14/14 MP: 1/1
   641 | D:1      | Reached XP level 2. HP: 19/19 MP: 2/2
   929 | D:2      | Found a faded altar of an unknown god.
   935 | D:2      | Noticed Sigmund
   942 | D:2      | Slain by Sigmund

Illustrated notes

Levels and vault maps discovered:
D:1:      scummos_arrival_hexagon, layout_basic
D:2:      layout_rooms, hellmonk_ecumenical_altar_zigzags,
          grunt_decor_one_mirror, uniq_terence, uniq_sigmund, uniq_natasha

Action                   || total
-------------------------++-------
Melee: War axe           ||    35
  Use: Scroll            ||     2
       Potion            ||     1
Armor: Scale mail        ||    14
Dodge: Dodged            ||     9
Block: Kite shield       ||    10
       Tower shield      ||     9

Table legend: (Time is in decaauts)
 A = Elapsed time spent in this place.
 B = Non-inter-level travel time spent in this place.
 C = Inter-level travel time spent in this place.
 D = Time resting spent in this place.
 E = Time spent auto-exploring this place.
 F = Levels seen in this place.
 G = Mean time per level.
                   A        B        C        D        E       F      G
               +--------+--------+--------+--------+--------+-----+--------+
         Total |    965 |    965 |      0 |      0 |    841 |   2 |  482.5 |
       Dungeon |    965 |    965 |      0 |      0 |    841 |   2 |  482.5 |
               +--------+--------+--------+--------+--------+-----+--------+

Top non-repeatable levels by time:
     D:1: 774 daAuts
     D:2: 191 daAuts
